 Dungeon Crawl Stone Soup version 0.28-a0-631-g0446da8ef9 (webtiles) character file.

Game seed: 11788567822941788204

966 wrjbv the Vexing (level 7, -1/32 HPs)
             Began as a Spriggan Enchanter on Oct 10, 2021.
             Was an Initiate of Dithmenos.
             Killed from afar by an orc wizard (10 damage)
             ... with a puff of flame
             ... on level 5 of the Dungeon.
             The game lasted 00:13:20 (7372 turns).

wrjbv the Vexing (Spriggan Enchanter)               Turns: 7372, Time: 00:13:21

Health: -1/32      AC:  4    Str:  6    XL:     7   Next: 93%
Magic:  19/27      EV: 17    Int: 14    God:    Dithmenos [......]
Gold:   254        SH:  0    Dex: 16    Spells: 12/20 levels left

rFire   . . .      SeeInvis +   f - +2 short sword (venom)
rCold   . . .      Faith    .   (shield restricted)
rNeg    . . .      Spirit   .   b - +0 robe
rPois   .          Reflect  .   (helmet restricted)
rElec   .          Harm     .   j - +1 cloak {Will+}
rCorr   .          Rampage  .   (gloves unavailable)
Will    ++...                   (boots unavailable)
Stlth   ++++......              (no amulet)
HPRegen 0.00/turn               d - ring of magical power
MPRegen 0.20/turn               (no ring)

@: inhibited regen, very quick
A: very small, no large weapons, unfitting armour, see invisible, speed 3, claws
1, dopey 1, inhibited regeneration
a: Renounce Religion


You were on level 5 of the Dungeon.
You worshipped Dithmenos.
Dithmenos was noncommittal.
You visited 2 branches of the dungeon, and saw 6 of its levels.

You collected 254 gold pieces.

Inventory:

Hand Weapons
 a - a +1 dagger
 f - a +2 short sword of venom (weapon)
Missiles
 i - 20 poisoned darts (quivered)
Armour
 b - a +0 robe (worn)
 c - a +0 cloak
 j - a +1 cloak of willpower (worn)
Jewellery
 d - a ring of magical power (left claw)
Scrolls
 g - a scroll of teleportation
 h - a scroll of fear
Potions
 e - a potion of heal wounds
 k - a potion of curing {unknown}


   Skills:
 - Level 1.1 Short Blades
 - Level 2.6 Dodging
 + Level 7.6 Stealth
 + Level 7.4 Spellcasting
 + Level 7.8 Hexes


You had 12 spell levels left.
You knew the following spells:

 Your Spells              Type           Power      Damage    Failure   Level
a - Ensorcelled Hibernat  Hex/Ice        32%        N/A       4%          2
b - Tukima's Dance        Hex            27%        N/A       1%          3
c - Dazzling Flash        Conj/Hex       32%        N/A       9%          3

Your spell library contained the following spells:

 Spells                   Type           Power      Damage    Failure   Level
 Confusing Touch          Hex            27%        N/A       1%          3


Dungeon Overview and Level Annotations

Branches:
Dungeon (5/15)             Temple (1/1) D:4

Altars:
Dithmenos
Fedhas
Gozag
Kikubaaqudgha
Okawaru
Qazlal
Ru
Sif Muna
Trog
Vehumet
Yredelemnul
Zin

Shops:
D:2 [


Innate Abilities, Weirdness & Mutations

You are very small and have problems with some larger weapons.
You are too small for most types of armour.
You have supernaturally acute eyesight. (SInv)
You cover ground extremely quickly. (Speed+++)
You have sharp fingernails.
You are dopey. (Int -2)
You do not regenerate when monsters are visible.


Message History

You are too injured to fight recklessly!
Unknown command.
You are too injured to fight recklessly!
Unknown command.
You are too injured to fight recklessly!
Unknown command.
Unknown command.
You hit the orc.
The orc is poisoned.
The orc is lightly wounded.
The orc misses you. The orc closely misses you.
You hit the orc.
The orc is moderately wounded.
The orc wizard hits your +0 war axe but does no damage.
Your +0 war axe hits the orc.
Your +0 war axe hits the orc wizard.
Casting: Tukima's Dance (safe; 1% risk of failure)
Confirm with . or Enter, or press ? or * to list all spells.
Aiming: Tukima's Dance (safe; 1% risk of failure)
Press: ? - help, Shift-Dir - straight line, f/p - orc
Aim: an orc, wielding a +0 mace (chance to affect: 73%)
The +0 mace dances into the air!
You kill the orc!
Dithmenos accepts your kill.
The orc wizard casts a spell.
The orc wizard flickers and vanishes for a moment.
You hit the orc.
The orc is poisoned.
The orc is almost dead.
The orc hits you.
* * * LOW HITPOINT WARNING * * *
The orc wizard gestures at you while chanting.
The puff of flame hits your +0 war axe.
Your +0 war axe resists.
You hit the orc.
You kill the orc!
Dithmenos accepts your kill.
Unknown command.
You swap places.
Your +0 mace falls from the air.
The orc wizard casts a spell at you. The puff of flame hits you!
You die...

# #.# #.# # #.# ###
#.# #######.#.. ..#
###.### ........#.#
##.########.....#
.######.#.#
#...........###.##
.# #.#.#
#..#######..###...
.# #.#.# #()#
####.##.... .# #.#.#
#..# #.......รท..
#######.#.# #@.#
#.####.....
..........# #o.# #.#
#.#... #######.###
#..#####.####.#..#
#)#
###..........##....#
# #.#
#.....>......##..#.#
# ##.#
#.#.#####....# .. ..
# #..# #.#.#
####...## ## #.##
##)#.# ..... #.#
#....# ##...#


You could see an orc wizard (invisible) and a friendly +0 war axe.

Vanquished Creatures
  Grinder (D:3)
  Sigmund (D:2)
  An ice beast (D:5)
  A phantom (D:5)
  Crazy Yiuf (D:4)
  3 orc priests (D:4)
  3 iguanas
  Jessica (D:2)
  An orc wizard (D:4)
  A howler monkey zombie (D:5)
  Robin (D:2)
  6 adders
  An adder skeleton (D:5)
  A worm (D:3)
  3 dart slugs
  15 orcs
  3 ball pythons
  5 bats
  9 endoplasms
  A giant cockroach (D:3)
  15 goblins
  11 hobgoblins
  4 jackals (D:1)
  3 quokkas
  2 frilled lizards (D:1)
  11 kobolds
  8 rats
113 creatures vanquished.

Notes
Turn   | Place    | Note
-------+----------+-------------------------------------------
     0 | D:1      | wrjbv the Spriggan Enchanter began the quest for the Orb.
     0 | D:1      | Reached XP level 1. HP: 9/9 MP: 5/5
   451 | D:1      | Reached XP level 2. HP: 12/13 MP: 7/7
   454 | D:1      | Learned a level 2 spell: Ensorcelled Hibernation
  1443 | D:1      | Reached XP level 3. HP: 16/16 MP: 9/9
  1447 | D:1      | Learned a level 3 spell: Tukima's Dance
  1451 | D:1      | Learned a level 3 spell: Dazzling Flash
  1722 | D:2      | Noticed Robin
  2186 | D:2      | Killed Robin
  2414 | D:2      | Found a faded altar of an unknown god.
  2468 | D:2      | Found Emygas's Armour Shop.
  2476 | D:2      | Reached XP level 4. HP: 14/21 MP: 8/11
  2591 | D:2      | Reached skill level 5 in Hexes
  2650 | D:2      | Noticed Jessica
  2659 | D:2      | Killed Jessica
  2846 | D:2      | Noticed Sigmund
  2900 | D:2      | Killed Sigmund
  2901 | D:2      | Reached skill level 5 in Spellcasting
  2901 | D:2      | Reached XP level 5. HP: 24/24 MP: 12/14
  2901 | D:2      | Reached XP level 6. HP: 28/28 MP: 12/15
  3123 | D:3      | Noticed Grinder
  3164 | D:3      | Gained mutation: You do not regenerate when monsters are
                  | visible. [potion of mutation]
  3164 | D:3      | Gained mutation: You are dopey. (Int -2) [potion of
                  | mutation]
  3164 | D:3      | Gained mutation: You have sharp fingernails. [potion of
                  | mutation]
  3177 | D:3      | Killed Grinder
  3681 | D:3      | Found a stormy altar of Qazlal.
  4438 | D:4      | Reached XP level 7. HP: 32/32 MP: 18/18
  4459 | D:4      | Reached skill level 5 in Stealth
  5044 | D:4      | Found a bloodstained altar of Trog.
  5306 | D:4      | Found an opulent altar of Gozag.
  5512 | D:4      | Found a staircase to the Ecumenical Temple.
  5525 | Temple   | Entered the Ecumenical Temple
  5533 | Temple   | Became a worshipper of Dithmenos the Shadowed
  5798 | D:4      | Found a runed translucent door.
  5799 | D:4      | Noticed Crazy Yiuf
  5819 | D:4      | Killed Crazy Yiuf
  5926 | D:5      | Entered Level 5 of the Dungeon
  6045 | D:5      | Found a blossoming altar of Fedhas.
  7372 | D:5      | Killed from afar by an orc wizard

Illustrated notes

Levels and vault maps discovered:
D:1:      ebering_trefoil_3fold, layout_basic, serial_curves, eino_curves_02,
          eino_curves_03, grunt_decor_arrowhead, kennysheep_pointless_box
D:2:      layout_basic, serial_shops, nicolae_shop_statue_plus,
          shapermc_ecumenical_altar_venn, corexii_item_surrounded_by_moat,
          uniq_robin, uniq_jessica, uniq_sigmund
D:3:      layout_basic, mainiacjoe_overflow_surrounded_room, uniq_grinder
D:4:      layout_rooms, jmf_multi_god_temple, minmay_temple_entry_ruins,
          item_on_display_b, uniq_crazy_yiuf_cottage
D:5:      layout_loops_ring, fedhas_altar_2, palyth_stone_intersect,
          minmay_starry_boxes
Temple:   eino_narrow_crystal_temple

Skill      XL: |  1  2  3  4  5  6  7 |
---------------+----------------------+-----
Spellcasting   | 3 4 5 6 7 |  7.4
Hexes          | 4 6 7 |  7.8
Stealth        | 7 |  7.6
Short Blades   | |  1.1
Dodging        | |  2.6

Action                   |  1- 3 |  4- 6 |  7- 9 || total
-------------------------+-------+-------+-------++-------
Melee: Dagger            |   143 |       |       ||   143
       Short sword       |     3 |    83 |   164 ||   250
 Cast: Ensorcelled Hiber |    22 |     2 |    11 ||    35
       Tukima's Dance    |     4 |       |     7 ||    11
       Dazzling Flash    |       |     3 |       ||     3
Evoke: Wand              |     1 |     6 |       ||     7
  Use: Potion            |     3 |     3 |     2 ||     8
       Scroll            |       |     4 |     1 ||     5
 Stab: Sleeping          |    18 |     8 |    11 ||    37
       Invisible         |     3 |     3 |       ||     6
       Distracted        |     2 |       |       ||     2
Armor: Robe              |    16 |     3 |    15 ||    34
Dodge: Dodged            |   133 |    78 |   127 ||   338

Table legend: (Time is in decaauts)
 A = Elapsed time spent in this place.
 B = Non-inter-level travel time spent in this place.
 C = Inter-level travel time spent in this place.
 D = Time resting spent in this place.
 E = Time spent auto-exploring this place.
 F = Levels seen in this place.
 G = Mean time per level.
                   A        B        C        D        E       F      G
               +--------+--------+--------+--------+--------+-----+--------+
         Total |   6095 |   5994 |    101 |   1598 |   3266 |   6 | 1015.8 |
       Dungeon |   6085 |   5988 |     97 |   1598 |   3266 |   5 | 1217.0 |
        Temple |     10 |      6 |      4 |      0 |      0 |   1 |   10.0 |
               +--------+--------+--------+--------+--------+-----+--------+

Top non-repeatable levels by time:
     D:4: 1379 daAuts
     D:1: 1310 daAuts
     D:3: 1247 daAuts
     D:2: 1175 daAuts
     D:5: 973 daAuts
  Temple: 10 daAuts
